 Dungeon Crawl Stone Soup version 0.20.1-1-g8b1a95d (webtiles) character file.

430777 PointBlank the Conqueror (level 22, -8/233 HPs)
             Began as a Minotaur Berserker on Aug 14, 2017.
             Was the Champion of Trog.
             Mangled by a vault warden
             ... wielding a +1 vampiric battleaxe
              (36 damage)
             ... on level 5 of the Vaults.
             The game lasted 01:15:48 (47400 turns).

PointBlank the Conqueror (Minotaur Berserker)      Turns: 47400, Time: 01:15:49

Health: -8/233     AC: 20    Str: 31    XL:     22   Next: 83%
Magic:  21/21      EV: 15    Int:  4    God:    Trog [******]
Gold:   3116       SH:  0    Dex: 14    Spells: 21/21 levels left

rFire    . . .     SeeInvis .   b - +9 executioner's axe (vamp)
rCold    . . .     Gourm    .   (shield currently unavailable)
rNeg     . . .     Faith    +   J - +2 plate armour {rPois}
rPois    +         Spirit   .   (helmet restricted)
rElec    .         Reflect  .   M - +2 cloak {+Inv}
rCorr    .         Harm     .   r - +2 pair of gloves {Dex+3}
MR       ++...     Clarity  +   s - +2 pair of boots
Stlth    ..........             l - amulet of faith
Regen    0.5/turn               (no ring)
MPRegen  0.2/turn               D - ring of protection from magic

@: about to teleport, marked, corroded, heavily drained
A: retaliatory headbutt, horns 2, talons 1, blink, clarity, shaggy fur 1
}: 2/15 runes: decaying, serpentine
a: Blink, Berserk, Trog's Hand, Brothers in Arms, Burn Spellbooks, Renounce
Religion, Evoke Invisibility


You were on level 5 of the Vaults.
You worshipped Trog.
Trog was exalted by your worship.
You were not hungry.

You visited 6 branches of the dungeon, and saw 36 of its levels.
You visited the Abyss 2 times.
You visited 1 bazaar.
You also visited: Ice Cave.

You collected 5050 gold pieces.
You spent 1934 gold pieces at shops.

Inventory:

Hand Weapons
 a - the +9 war axe of the Secret Spirits {holy, *Rage rF+ rC+ Int+3}
   (Trog gifted it to you on level 2 of the Vaults)

   It has been blessed by the Shining One to cause great damage to the undead
   and demons.
   It affects your intelligence (+3).
   It protects you from fire.
   It protects you from cold.
   It may make you go berserk in combat.
 b - a +9 vampiric executioner's axe (weapon)
Armour
 r - a +2 pair of gloves of dexterity (worn)
 s - a +2 pair of boots (worn)
 H - the +0 pair of boots of Going Fast {*Slow rC+ MR+ Dex+2}
   (You bought it in a shop on level 1 of the Orcish Mines)

   It affects your dexterity (+2).
   It protects you from cold.
   It affects your resistance to hostile enchantments.
   It may slow you when you take damage.
 J - a +2 plate armour of poison resistance (worn)
 M - a +2 cloak of invisibility (worn)
Jewellery
 l - an amulet of faith (around neck)
 y - an uncursed ring of poison resistance
 z - the ring "Rosh" {Wiz -Tele rElec rC+ SInv}
   (You found it on level 5 of the Lair of Beasts)

   [ring of wizardry]

   It improves your spell success rate.
   It protects you from cold.
   It insulates you from electricity.
   It lets you see invisible.
   It prevents most forms of teleportation.
 D - a ring of protection from magic (right hand)
 F - an uncursed ring of protection from fire
 O - an uncursed ring of fire
 P - an uncursed ring of protection from cold
Scrolls
 e - 8 scrolls of blinking
 g - 9 scrolls of teleportation
 h - 12 scrolls of identify
 m - 13 scrolls of remove curse
 v - 2 scrolls of magic mapping
 C - 6 scrolls of fog
 E - a scroll of enchant armour
 G - 2 scrolls of fear
 N - 2 scrolls of enchant weapon
Potions
 d - a potion of cancellation
 f - 9 potions of haste
 j - 4 potions of agility
 n - 6 potions of curing
 o - 10 potions of heal wounds
 p - 7 potions of might
 q - 2 potions of invisibility
 t - a potion of ambrosia
 u - 6 potions of resistance
 x - 5 potions of berserk rage
 A - 6 potions of mutation
 B - 3 potions of flight
Comestibles
 c - 22 bread rations
 i - 12 royal jellies
 k - 9 meat rations
 L - 3 fruits


   Skills:
 O Level 27(22.8) Fighting
 - Level 26.0(21.9) Axes
 + Level 21.1(17.4) Armour
 + Level 14.9(11.7) Dodging


You had 21 spell levels left.
You didn't know any spells.

Dungeon Overview and Level Annotations

Branches:
Dungeon (15/15)            Temple (0/1) D:4            Lair (6/6) D:11
  Swamp (4/4) Lair:3        Snake (4/4) Lair:3        Slime (0/5) Lair:5
    Orc (2/2) D:12            Elf (0/3) Orc:2        Vaults (5/5) D:13
  Crypt (0/3) Vaults:2     Depths (0/5) D:15

Altars:
Elyvilon
Fedhas
Gozag
Kikubaaqudgha
Makhleb
Nemelex Xobeh
Okawaru
Ru
Vehumet
Beogh

Shops:
D:9 =   D:12 =   Orc:1 [   Orc:2 [*(=   Vaults:3 [   Vaults:4 }

Annotations:
D:7 1 exclusion
D:10 exclusion: obsidian statue


Innate Abilities, Weirdness & Mutations

You reflexively headbutt those who attack you in melee.
You have a pair of horns on your head.
You have sharp toenails.
You can translocate small distances at will.
You possess an exceptional clarity of mind.
You are covered in fur. (AC +1)


Message History

Put on which piece of jewellery? (? for menu, Esc to quit)
Okay, then.
Remove which piece of jewellery? (? for menu, Esc to quit)
You remove the ring "Rosh" {Wiz -Tele rElec rC+ SInv}.
The orc knight hits you from afar with a bardiche.
* * * LOW HITPOINT WARNING * * *
Damage: -1%(-1hp) hp: 28%(65hp) Unknown command.
As you read the scroll of teleportation, it crumbles to dust.
You feel strangely unstable.
The ironheart preserver casts a spell.
The ironheart preserver begins to accept its allies' injuries.
The shadow dragon bites you!
* * * LOW HITPOINT WARNING * * *
You feel drained.
The shadow dragon claws you but does no damage. x2
The stone giant hits you!!
* * * LOW HITPOINT WARNING * * *
The vault warden hits you with an uncursed vampiric battleaxe!!!
You die...

#.(#.......c.........
#..(()...............
#...(################
#(..()......
#(..p.......
#...........
#..())......
#..†(################
#..)@Co..#...........
#..#pDp.#.#..........
#..#Cc{.# #.........
#..#c..#.# #........
#..#......# #.......
#. #...#...# #....))
#........##.#.).))
#...#.....##.#..)#
#..........# #####


You could see a shadow dragon, an ironheart preserver, 2 stone giants, a vault
warden, a vault guard, an orc knight and 2 yaktaurs.

Vanquished Creatures
  Bai Suzhen (Swamp:3)
  Xtahua (Vaults:3)
  2 golden dragons (Vaults:5)
  4 tentacled monstrosities (Vaults:5)
  A titan (Vaults:5)
  Rupert (D:12)
  A kraken (Abyss:3)
  A quicksilver dragon (Vaults:5)
  A lich (Vaults:1)
  4 shadow dragons (Vaults:5)
  A tentacled starspawn (Abyss:3)
  Donald (Swamp:3)
  5 thorn hunters
  A tengu reaver (Vaults:5)
  2 storm dragons
  3 sphinxes
  Agnes (D:15)
  5 frost giants
  4 fire giants
  Roxanne (Swamp:3)
  15 nagarajas
  5 deep elf sorcerers
  19 vault wardens
  The ghost of bgiannan the Warrior, an adept GrFi of Okawaru (Swamp:3)
  2 orc warlords
  2 deep elf elementalists (Vaults:5)
  Louise (Swamp:2)
  21 ironheart preservers
  5 very ugly things
  A war gargoyle (Vaults:5)
  8 stone giants
  An entropy weaver (Vaults:5)
  2 deep elf demonologists
  2 deep elf annihilators
  3 green deaths
  5 deep elf death magi
  2 death oozes (Swamp:4)
  5 ettins
  A fire dragon (Vaults:5)
  3 great orbs of eyes
  A crystal guardian (Vaults:3)
  3 rakshasas
  3 deep elf high priests (Vaults:5)
  9 yaktaur captains
  12 naga warriors
  31 vault guards
  Erolcha (Orc:2)
  2 ice dragons
  A hell beast (Swamp:4)
  11 hydras
  4 centaur warriors
  A ghost crab (Swamp:1)
  Erica (D:8)
  A death knight (Vaults:1)
  An alligator (Swamp:1)
  A catoblepas (Lair:6)
  An anaconda (shapeshifter) (Vaults:5)
  11 anacondas
  37 two-headed ogres
  2 dancing weapons (Vaults:5)
  3 tengu warriors
  5 deep troll earth magi
  4 deep troll shamans
  6 large abominations
  A vampire mage (Vaults:2)
  6 death yaks (Lair:6)
  A two-headed ogre (shapeshifter) (Vaults:5)
  14 ogre magi
  4 shock serpents
  2 orc high priests (Orc:2)
  11 naga sharpshooters
  6 thrashing horrors
  A titan skeleton (Abyss:3)
  Sonja (D:12)
  A sun demon (Abyss:3)
  A hell knight (Vaults:3)
  A shadow wraith (Vaults:3)
  A wretched star (Abyss:1)
  A fire crab (shapeshifter) (Vaults:4)
  12 deep elf knights
  9 sea snakes (Snake:4)
  6 salamander mystics
  4 unseen horrors
  4 skeletal warriors
  9 swamp dragons
  28 deep trolls
  15 starcursed masses
  2 glowing orange brains (Vaults:1)
  A flayed ghost (Vaults:4)
  11 naga ritualists
  3 phantasmal warriors
  9 deep elf archers
  2 shambling mangroves (Swamp:2)
  5 wizards
  12 orc knights
  3 necromancers
  16 ironbrand convokers
  9 harpies
  27 ugly things
  9 oklob plants
  An orb spider (shapeshifter) (Vaults:3)
  6 orc sorcerers
  A fire giant zombie (Vaults:4)
  A tengu skeleton (Vaults:1)
  7 cyclopes
  A frost giant zombie (Vaults:4)
  4 wolf spiders
  19 deep elf magi
  12 mana vipers
  2 worldbinders (Abyss:1)
  16 salamanders
  3 manticores
  14 elephants (Lair:6)
  20 naga magi
  54 black mambas
  Psyche (D:12)
  2 smoke demons (Abyss:3)
  3 ice statues (IceCv)
  12 guardian serpents
  A guardian serpent (shapeshifter) (Vaults:4)
  An eye of devastation (Abyss:1)
  16 vault sentinels
  2 gargoyles
  2 orange demons (Swamp:4)
  A rime drake (Lair:2)
  3 centaur skeletons
  A human zombie (Vaults:1)
  2 kobold demonologists (D:15)
  24 spiny frogs
  A yaktaur (shapeshifter) (Vaults:3)
  6 komodo dragons
  An efreet (D:15)
  6 freezing wraiths
  41 yaktaurs
  A tormentor (Abyss:1)
  A demonic crawler (Abyss:3)
  A troll (shapeshifter) (Vaults:3)
  A hellwing (Abyss:1)
  3 ancient zymes
  2 yaktaur skeletons (Vaults:4)
  2 meliai (shapeshifter) (Vaults:2)
  2 tyrant leeches
  9 trolls
  A tengu simulacrum (Vaults:3)
  2 polar bears
  A raiju (Abyss:1)
  27 blink frogs
  10 hornets
  32 slime creatures
  4 hippogriffs
  13 dream sheep
  A fire giant simulacrum (Vaults:3)
  A fire dragon zombie (Abyss:1)
  A frost giant simulacrum (Vaults:1)
  A centaur simulacrum (D:10)
  9 bog bodies
  4 redbacks (Lair:6)
  A water elemental (D:15)
  5 shadows
  2 tarantellas (shapeshifter)
  A tarantella (Vaults:5)
  5 wraiths
  35 yaks
  3 spriggans
  15 wyverns
  Eustachio (D:6)
  A hog (shapeshifter) (Vaults:4)
  A yak (shapeshifter) (Vaults:2)
  2 neqoxecs (Abyss:3)
  2 basilisks
  A basilisk (shapeshifter) (Vaults:3)
  2 human simulacra
  A hungry ghost (D:13)
  11 vampire mosquitoes
  A yaktaur simulacrum (Vaults:2)
  9 wargs
  2 water moccasins (shapeshifter)
  20 swamp worms
  49 nagas
  An acid dragon (Vaults:1)
  4 insubstantial wisps (Swamp:4)
  A deep troll skeleton (Vaults:1)
  23 water moccasins
  8 porcupines
  7 ice beasts
  A hornet zombie (D:11)
  52 orc warriors
  7 swamp drakes
  5 sky beasts
  3 black bears
  2 eyes of draining (shapeshifter)
  A necrophage (D:12)
  9 small abominations
  5 centaurs
  33 ogres
  3 phantoms
  5 boggarts
  A tengu (shapeshifter) (Vaults:1)
  16 wolves
  17 crocodiles
  A crocodile (shapeshifter) (Vaults:1)
  An orc skeleton (Vaults:1)
  4 big kobolds
  23 bullfrogs
  3 scorpions
  19 killer bees
  4 wights (D:6)
  5 electric eels (D:15)
  6 crimson imps
  2 bullfrog zombies
  3 bullfrog skeletons
  4 centaur zombies
  A quasit (Abyss:1)
  7 jellies
  7 hounds
  32 orc priests
  A gnoll shaman (D:4)
  47 orc wizards
  Jessica (D:3)
  3 iguanas
  10 worker ants
  Terence (D:3)
  Robin (D:3)
  2 howler monkey skeletons
  5 gnolls (D:4)
  18 adders
  2 shadow imps
  14 white imps
  3 ufetubi
  5 oozes
  2 adder skeletons
  2 worms
  7 leopard geckos
  94 orcs
  2 ball pythons
  12 bats
  3 giant cockroaches
  16 goblins
  8 hobgoblins
  13 jackals
  29 kobolds
  3 quokkas
  3 frilled lizards
  A jackal skeleton (D:3)
  2 leopard gecko zombies
  A quokka skeleton (D:3)
  3 rats
  5 briar patches (Swamp:2)
  2 crawling corpses (Vaults:5)
  2 fungi
  22 plants
  2 starspawn tentacles (Abyss:3)
  5 tentacles (Abyss:3)
1809 creatures vanquished.

Vanquished Creatures (collateral kills)
  Vashnia (Snake:4)
  Nikola (Swamp:4)
  A thorn hunter (Swamp:4)
  3 hydras (Swamp:4)
  An orc high priest (Orc:2)
  An alligator (Swamp:4)
  An unseen horror (D:10)
  2 orc sorcerers (Orc:2)
  5 slime creatures (Swamp:4)
  A salamander (Snake:3)
  2 ugly things (Swamp:4)
  A black mamba (Lair:6)
  2 elephants (Lair:6)
  A komodo dragon (D:10)
  A queen bee (shapeshifter) (D:10)
  2 tyrant leeches (Swamp:4)
  2 bog bodies (Swamp:4)
  A blink frog (Swamp:4)
  A hungry ghost (D:10)
  A swamp worm (Swamp:4)
  2 orc warriors (Orc:2)
  A centaur (D:10)
  2 orc priests (Orc:2)
  4 orc wizards
  A worker ant (D:10)
  3 orcs
44 creatures vanquished.

Vanquished Creatures (others)
  An ogre mage (Vaults:3)
  A flayed ghost (Vaults:1)
  A harpy (Vaults:5)
  A black mamba (Snake:1)
  A ball lightning (Snake:1)
  5 briar patches (Swamp:2)
  A bush (Lair:6)
  22 fungi
  36 plants
  6 tentacles (Abyss:3)
75 creatures vanquished.

Grand Total: 1928 creatures vanquished

Notes
Turn   | Place    | Note
-------+----------+-------------------------------------------
     0 | D:1      | PointBlank the Minotaur Berserker began the quest for the Orb.
     0 | D:1      | Reached XP level 1. HP: 19/19 MP: 0/0
   468 | D:1      | Reached XP level 2. HP: 27/27 MP: 1/1
   499 | D:1      | Reached skill level 4 in Fighting
   633 | D:2      | Found a faded altar of an unknown god.
   881 | D:2      | Reached ** piety under Trog
   885 | D:2      | Reached XP level 3. HP: 30/33 MP: 2/2
   902 | D:2      | Found a burning altar of Makhleb.
   904 | D:2      | Found a white marble altar of Elyvilon.
  1408 | D:2      | Found a sacrificial altar of Ru.
  1571 | D:3      | Noticed Robin
  1582 | D:3      | Killed Robin
  1582 | D:3      | Reached XP level 4. HP: 39/41 MP: 3/3
  1612 | D:3      | Reached *** piety under Trog
  1721 | D:3      | Noticed Jessica
  1732 | D:3      | Killed Jessica
  1822 | D:3      | Found an iron altar of Okawaru.
  1879 | D:3      | Reached skill level 5 in Axes
  1880 | D:3      | Reached XP level 5. HP: 45/47 MP: 4/4
  1947 | D:3      | Noticed Terence
  1957 | D:3      | Killed Terence
  1957 | D:3      | Reached skill level 5 in Fighting
  2353 | D:4      | Reached XP level 6. HP: 52/57 MP: 5/5
  2461 | D:4      | Reached skill level 6 in Fighting
  2646 | D:4      | Reached **** piety under Trog
  2726 | D:4      | Found a staircase to the Ecumenical Temple.
  2815 | D:4      | Received a gift from Trog
  3085 | D:5      | Entered Level 5 of the Dungeon
  3127 | D:5      | Found an ancient bone altar of Kikubaaqudgha.
  3152 | D:5      | Reached XP level 7. HP: 56/63 MP: 6/6
  3899 | D:6      | Reached skill level 7 in Fighting
  3921 | D:6      | HP: 31/66 [sky beast (5)]
  3924 | D:6      | Reached skill level 5 in Armour
  3924 | D:6      | Reached XP level 8. HP: 40/73 MP: 7/7
  3931 | D:6      | Gained mutation: You possess an exceptional clarity of mind. [mutagenic meat]
  3932 | D:6      | Gained mutation: You are covered in fur. (AC +1) [mutagenic meat]
  3933 | D:6      | Gained mutation: You have sharp toenails. [mutagenic meat]
  3934 | D:6      | Gained mutation: You can translocate small distances at will. [mutagenic meat]
  4296 | D:6      | Noticed Eustachio
  4303 | D:6      | Killed Eustachio
  4329 | D:6      | Reached skill level 8 in Fighting
  4487 | D:6      | Reached skill level 5 in Dodging
  4891 | D:7      | HP: 34/75 [centaur/arrow (6)]
  4950 | D:7      | HP: 37/75 [worker ant (1)]
  4956 | D:7      | HP: 35/75 [poisoned by a worker ant]
  4964 | D:7      | HP: 34/75 [poisoned by a worker ant]
  5002 | D:7      | HP: 37/77 [killer bee (3)]
  5004 | D:7      | HP: 15/77 [poisoned by a killer bee]
  5005 | D:6      | HP: 6/77 [poisoned by a killer bee]
  5010 | D:6      | HP: 26/77 [poisoned by a killer bee]
  5011 | D:6      | HP: 12/77 [poisoned by a killer bee]
  5011 | D:6      | Reached XP level 9. HP: 10/82 MP: 8/8
  5012 | D:6      | Reached skill level 9 in Fighting
  5013 | D:6      | HP: 5/83 [poisoned by a killer bee]
  5018 | D:6      | HP: 3/83 [poisoned by a killer bee]
  5023 | D:6      | HP: 2/83 [poisoned by a killer bee]
  5030 | D:6      | HP: 1/83 [poisoned by a killer bee]
  5038 | D:6      | HP: 1/83 [poisoned by a killer bee]
  5415 | D:7      | Found a blossoming altar of Fedhas.
  5453 | D:7      | HP: 37/83 [centaur/arrow (5)]
  5455 | D:7      | HP: 11/83 [centaur/arrow (8)]
  5455 | D:7      | HP: 3/83 [centaur/arrow (7)]
  5639 | D:7      | HP: 40/83 [bullfrog (6)]
  5827 | D:7      | HP: 25/83 [cloud of flame (20)]
  6178 | D:8      | HP: 39/83 [orc priest/divine providence (14)]
  6183 | D:8      | Reached ***** piety under Trog
  6187 | D:8      | HP: 57/126 [orc/short sword (4)]
  6396 | D:8      | HP: 41/85 [poisoned by a killer bee]
  6401 | D:8      | HP: 37/85 [poisoned by a killer bee]
  6407 | D:8      | HP: 35/85 [poisoned by a killer bee]
  6412 | D:8      | HP: 35/85 [poisoned by a killer bee]
  6417 | D:8      | HP: 33/85 [poisoned by a killer bee]
  6660 | D:8      | Reached skill level 10 in Axes
  6669 | D:8      | Found an opulent altar of Gozag.
  6780 | D:8      | Noticed Erica
  6786 | D:8      | Killed Erica
  6786 | D:8      | Reached skill level 10 in Fighting
  6853 | D:8      | Noticed a two-headed ogre
  6858 | D:8      | Killed a two-headed ogre
  6858 | D:8      | Reached XP level 10. HP: 79/94 MP: 9/9
  7566 | D:8      | Received a gift from Trog
  7906 | D:9      | Found Haarrorch's Jewellery Emporium.
  7913 | D:9      | Bought an uncursed ring of protection from magic for 300 gold pieces
  7983 | D:9      | Reached skill level 11 in Fighting
  8033 | D:9      | Found a sparkling altar of Nemelex Xobeh.
  8245 | D:9      | Noticed a two-headed ogre
  8252 | D:9      | Killed a two-headed ogre
  8415 | D:10     | Entered Level 10 of the Dungeon
  8469 | D:10     | Reached skill level 12 in Fighting
  8470 | D:10     | Reached XP level 11. HP: 94/104 MP: 3/10
  8473 | D:10     | HP: 70/156 [yak (11)]
  8724 | D:10     | Noticed a cyan ugly thing
  8736 | D:10     | Killed a cyan ugly thing
  8743 | D:10     | Noticed an unseen horror
  8743 | D:10     | HP: 73/157 [orc priest/divine providence (8)]
  8754 | D:10     | HP: 43/105 [centaur/arrow (9)]
  8759 | D:10     | Killed an unseen horror
  8856 | D:10     | Noticed a two-headed ogre
  8861 | D:10     | Killed a two-headed ogre
  8985 | D:10     | Noticed an obsidian statue
  9540 | D:11     | Reached ****** piety under Trog
  9595 | D:11     | Reached skill level 13 in Fighting
  9616 | D:11     | Received a gift from Trog
 10119 | D:11     | Found a staircase to the Lair.
 10140 | D:11     | Noticed a two-headed ogre
 10147 | D:11     | Killed a two-headed ogre
 10296 | Lair:1   | Entered Level 1 of the Lair of Beasts
 10316 | Lair:1   | Reached skill level 10 in Armour
 10374 | Lair:1   | Noticed a four-headed hydra
 10380 | Lair:1   | Killed a four-headed hydra
 10517 | Lair:1   | Reached XP level 12. HP: 89/116 MP: 3/11
 10710 | Lair:1   | Reached skill level 14 in Fighting
 10711 | Lair:1   | HP: 58/117 [poisoned by a black mamba]
 10717 | Lair:1   | HP: 57/117 [poisoned by a black mamba]
 10722 | Lair:1   | HP: 57/117 [poisoned by a black mamba]
 10729 | Lair:1   | HP: 57/117 [poisoned by a black mamba]
 10737 | Lair:1   | HP: 57/117 [poisoned by a black mamba]
 12361 | Lair:3   | Noticed an eight-headed hydra
 12365 | Lair:3   | Reached skill level 15 in Axes
 12370 | Lair:3   | HP: 53/118 [eight-headed hydra (11)]
 12376 | Lair:3   | Killed an eight-headed hydra
 12376 | Lair:3   | Reached skill level 15 in Fighting
 12377 | Lair:3   | HP: 47/178 [blink frog (9)]
 12620 | Lair:3   | Found a staircase to the Snake Pit.
 12781 | Lair:3   | Found a staircase to the Swamp.
 12989 | Lair:3   | Noticed an eight-headed hydra
 12997 | Lair:3   | Killed an eight-headed hydra
 13213 | Lair:4   | Received a gift from Trog
 13215 | Lair:4   | Reached XP level 13. HP: 98/127 MP: 4/12
 13244 | Lair:4   | HP: 59/128 [four-headed hydra (10)]
 14433 | Lair:5   | Reached skill level 16 in Fighting
 14485 | Lair:5   | Received a gift from Trog
 14609 | Lair:5   | Found a staircase to the Slime Pits.
 14995 | Lair:5   | Got a clouded golden ring
 15071 | Lair:5   | Identified the ring "Rosh" {Wiz -Tele rElec rC+ SInv} (You found it on level 5 of the Lair of Beasts)
 15340 | Lair:6   | Entered Level 6 of the Lair of Beasts
 15596 | Lair:6   | HP: 64/130 [spiny frog (16)]
 15602 | Lair:6   | HP: 57/130 [elephant (9)]
 15790 | Lair:6   | Reached skill level 17 in Fighting
 15998 | Lair:6   | Reached XP level 14. HP: 137/140 MP: 13/13
 16810 | Lair:6   | HP: 67/141 [poisoned by a black mamba]
 16815 | Lair:6   | HP: 47/141 [poisoned by a black mamba]
 16820 | Lair:6   | HP: 36/141 [poisoned by a black mamba]
 16825 | Lair:6   | HP: 30/141 [poisoned by a black mamba]
 16831 | Lair:6   | HP: 28/141 [poisoned by a black mamba]
 16836 | Lair:6   | HP: 28/141 [poisoned by a black mamba]
 16841 | Lair:6   | HP: 28/141 [poisoned by a black mamba]
 17546 | D:11     | Reached skill level 18 in Fighting
 17564 | D:12     | Received a gift from Trog
 17656 | D:12     | Noticed Rupert
 17678 | D:12     | Killed Rupert
 17681 | D:12     | HP: 70/143 [poisoned by Rupert]
 17686 | D:12     | HP: 64/143 [poisoned by Rupert]
 17691 | D:12     | HP: 60/143 [poisoned by Rupert]
 17696 | D:12     | HP: 59/143 [poisoned by Rupert]
 17702 | D:12     | HP: 59/143 [poisoned by Rupert]
 17708 | D:12     | HP: 60/143 [poisoned by Rupert]
 17994 | D:12     | Noticed Sonja
 18001 | D:12     | Cast into level 1 of the Abyss (Sonja)
 18032 | Abyss:1  | Noticed a starcursed mass
 18079 | Abyss:1  | Noticed a red very ugly thing
 18080 | Abyss:1  | Noticed a red very ugly thing
 18081 | Abyss:1  | Noticed a red very ugly thing
 18110 | Abyss:1  | Killed a red very ugly thing
 18141 | Abyss:1  | HP: 41/144 [wretched star/orb of energy (32)]
 18146 | Abyss:1  | HP: 23/144 [wretched star/orb of energy (20)]
 18154 | Abyss:1  | HP: 35/144 [small abomination (11)]
 18177 | Abyss:1  | HP: 69/144 [hell knight/great sword of flaming (7)]
 18184 | Abyss:1  | Found a corrupted altar of Lugonu.
 18206 | Abyss:1  | HP: 66/144 [small abomination (9)]
 18213 | Abyss:1  | HP: 51/144 [large abomination (23)]
 18244 | Abyss:1  | Noticed a starcursed mass
 18251 | Abyss:1  | HP: 65/144 [starcursed mass/accursed screaming (11)]
 18271 | Abyss:1  | HP: 106/216 [thrashing horror (6)]
 18389 | Abyss:1  | HP: 65/144 [??? (63)]
 18396 | D:12     | Escaped the Abyss
 18398 | D:12     | HP: 70/144 [Sonja/uncursed dagger of distortion (1)]
 18407 | D:12     | Killed Sonja
 18622 | D:12     | Found a staircase to the Orcish Mines.
 18628 | D:12     | Received a gift from Trog
 18735 | D:12     | Found a roughly hewn altar of Beogh.
 18819 | D:12     | Noticed Psyche
 18822 | D:12     | Killed Psyche
 18850 | D:12     | Reached XP level 15. HP: 107/150 MP: 14/14
 19219 | D:12     | Found Inalu's Jewellery Emporium.
 19358 | Orc:1    | Entered Level 1 of the Orcish Mines
 19544 | Orc:2    | Entered Level 2 of the Orcish Mines
 19544 | Orc:2    | Noticed an orc warlord
 19555 | Orc:2    | HP: 99/225 [orc warlord/enchanted great mace (23)]
 19561 | Orc:1    | HP: 59/225 [orc warlord/enchanted great mace (18)]
 19563 | Orc:1    | Killed an orc warlord
 19894 | Orc:1    | Found Cerif's Antique Armour Emporium.
 20025 | Orc:1    | Bought a pair of ichor-stained boots for 266 gold pieces
 20035 | Orc:1    | Identified the +0 pair of boots of Going Fast {*Slow rC+ MR+ Dex+2} (You bought it in a shop on level 1 of the Orcish Mines)
 20110 | Orc:1    | Found a radiant altar of Vehumet.
 20128 | Orc:1    | Received a gift from Trog
 20557 | Orc:2    | Noticed Erolcha
 20563 | Orc:2    | Killed Erolcha
 20939 | Orc:2    | Noticed an orc warlord
 20957 | Orc:2    | Reached skill level 19 in Fighting
 20962 | Orc:2    | Found a staircase to the Elven Halls.
 20996 | Orc:2    | HP: 60/152 [orc warlord/battleaxe of electrocution (17)]
 20997 | Orc:2    | Killed an orc warlord
 21013 | Orc:2    | Received a gift from Trog
 21031 | Orc:2    | HP: 70/152 [orc warrior/long sword (3)]
 21198 | Orc:2    | HP: 111/228 [orc knight/great sword (5)]
 21925 | Orc:2    | Found Tarix's Antique Armour Boutique.
 21926 | Orc:2    | Found Akleodonwo's Antique Weapon Boutique.
 21927 | Orc:2    | Found Hoixiuzu's General Store.
 21927 | Orc:2    | Found Acsobu's Jewellery Shop.
 21932 | Orc:2    | Bought a +2 ring of slaying for 294 gold pieces
 21944 | Orc:2    | Bought a pair of runed gloves for 187 gold pieces
 22223 | Swamp:1  | Entered Level 1 of the Swamp
 22883 | Swamp:2  | Received a gift from Trog
 22908 | Swamp:2  | Noticed Louise
 22912 | Swamp:2  | HP: 73/152 [Louise/stone arrow (45)]
 23179 | Swamp:2  | Killed Louise
 23220 | Swamp:2  | Noticed a thorn hunter
 23227 | Swamp:2  | HP: 96/228 [thorn hunter/volley of thorns (27)]
 23228 | Swamp:2  | HP: 37/228 [thorn hunter/volley of thorns (23)]
 23234 | Swamp:2  | HP: 9/152 [thorn hunter/volley of thorns (9)]
 23276 | Swamp:1  | HP: 47/152 [vampire mosquito (2)]
 23311 | Swamp:1  | HP: 54/152 [spectral tyrant leech[a ghost crab] (1)]
 23316 | Swamp:1  | HP: 75/231 [something (1)]
 23605 | Swamp:2  | Killed a thorn hunter
 23800 | Swamp:2  | Noticed a thorn hunter
 23802 | Swamp:2  | Noticed a thorn hunter
 23803 | Swamp:2  | Paralysed by a hornet for 3 turns
 23809 | Swamp:2  | Killed a thorn hunter
 23812 | Swamp:2  | Killed a thorn hunter
 23950 | Swamp:2  | Identified the +1 war axe of Absolution {chop, rC+ MR+} (You found it on level 2 of the Swamp)
 24902 | Swamp:3  | Noticed Roxanne
 24907 | Swamp:3  | Reached skill level 20 in Fighting
 24909 | Swamp:3  | HP: 110/232 [large slime creature (14)]
 24917 | Swamp:3  | HP: 96/232 [swamp drake (2)]
 24920 | Swamp:3  | Received a gift from Trog
 24923 | Swamp:3  | HP: 65/155 [Roxanne/orb of energy (1)]
 24925 | Swamp:3  | Killed Roxanne
 25200 | Swamp:3  | Noticed Bai Suzhen
 25210 | Swamp:3  | Killed Bai Suzhen
 25210 | Swamp:3  | Reached XP level 16. HP: 162/162 MP: 5/15
 25409 | Swamp:3  | Noticed Donald
 25413 | Swamp:3  | Noticed bgiannan's ghost (adept GrFi)
 25421 | Swamp:3  | HP: 121/244 [Donald/scimitar of freezing (13)]
 25422 | Swamp:3  | Killed Donald
 25426 | Swamp:3  | HP: 90/244 [poisoned by bgiannan's ghost]
 25430 | Swamp:3  | Killed bgiannan's ghost
 25431 | Swamp:3  | HP: 76/247 [poisoned by bgiannan's ghost]
 25436 | Swamp:3  | HP: 42/165 [poisoned by bgiannan's ghost]
 25441 | Swamp:3  | HP: 36/165 [poisoned by bgiannan's ghost]
 25446 | Swamp:3  | HP: 33/165 [poisoned by bgiannan's ghost]
 25452 | Swamp:3  | HP: 23/165 [poisoned by bgiannan's ghost]
 25459 | Swamp:3  | HP: 24/165 [poisoned by bgiannan's ghost]
 26181 | Swamp:4  | Entered Level 4 of the Swamp
 26189 | Swamp:4  | Reached skill level 15 in Armour
 26403 | Swamp:4  | Noticed Nikola
 26426 | Swamp:4  | Killed Nikola
 26434 | Swamp:4  | Noticed a thorn hunter
 26441 | Swamp:4  | HP: 50/165 [thorn hunter/volley of thorns (41)]
 26443 | Swamp:4  | Killed a thorn hunter
 26812 | Swamp:4  | HP: 80/165 [tyrant leech (14)]
 26816 | Swamp:4  | Received a gift from Trog
 26847 | Swamp:4  | HP: 68/165 [six-headed hydra (5)]
 26852 | Swamp:4  | Noticed a thorn hunter
 26856 | Swamp:4  | HP: 70/165 [thorn hunter (1)]
 26857 | Swamp:4  | Killed a thorn hunter
 26899 | Swamp:4  | HP: 82/165 [orange demon (6)]
 27453 | Swamp:4  | Noticed a thorn hunter
 27460 | Swamp:4  | Killed a thorn hunter
 27873 | Swamp:4  | HP: 123/247 [thrashing horror (4)]
 28104 | Swamp:4  | Reached skill level 21 in Fighting
 28127 | Swamp:4  | Received a gift from Trog
 28127 | Swamp:4  | HP: 73/166 [death ooze (11)]
 28132 | Swamp:4  | HP: 58/166 [poisoned by a green death (poison arrow)]
 28137 | Swamp:4  | HP: 65/166 [poisoned by a green death (poison arrow)]
 28143 | Swamp:4  | HP: 69/166 [poisoned by a green death (poison arrow)]
 28151 | Swamp:4  | HP: 70/166 [poisoned by a green death (poison arrow)]
 28418 | Swamp:4  | Got a decaying rune of Zot
 28651 | Snake:1  | Entered Level 1 of the Snake Pit
 29252 | Snake:1  | Reached XP level 17. HP: 152/172 MP: 5/16
 30864 | Snake:3  | Received a gift from Trog
 30992 | Snake:3  | HP: 84/175 [salamander mystic/quarterstaff (13)]
 31003 | Snake:3  | HP: 77/175 [nagaraja (10)]
 31006 | Snake:3  | HP: 36/175 [salamander/enchanted trident (14)]
 31177 | Snake:3  | HP: 85/175 [shock serpent (11)]
 31265 | Snake:3  | HP: 83/175 [nagaraja/splash of poison (5)]
 31582 | Snake:3  | HP: 87/175 [poisoned by a naga ritualist (splash of poison)]
 31587 | Snake:3  | HP: 82/175 [poisoned by a naga ritualist (splash of poison)]
 31592 | Snake:3  | HP: 79/175 [poisoned by a naga ritualist (splash of poison)]
 31597 | Snake:3  | HP: 76/175 [black mamba (1)]
 31603 | Snake:3  | HP: 76/175 [poisoned by a naga ritualist (splash of poison)]
 31608 | Snake:3  | HP: 76/175 [poisoned by a naga ritualist (splash of poison)]
 31616 | Snake:3  | HP: 77/175 [poisoned by a naga ritualist (splash of poison)]
 32079 | Snake:3  | Reached skill level 22 in Fighting
 32698 | Snake:4  | Entered Level 4 of the Snake Pit
 32698 | Snake:4  | Noticed Vashnia
 32947 | Snake:4  | Received a gift from Trog
 33116 | Snake:4  | Killed Vashnia
 34095 | Snake:4  | Reached XP level 18. HP: 161/184 MP: 5/17
 34289 | Snake:4  | Received a gift from Trog
 34307 | Snake:4  | HP: 138/279 [shock serpent/bolt of electricity (10)]
 34313 | Snake:4  | HP: 126/279 [poisoned by a naga sharpshooter (splash of poison)]
 34318 | Snake:4  | HP: 92/279 [naga mage/bolt of poison (4)]
 34324 | Snake:4  | HP: 60/186 [poisoned by a naga (splash of poison)]
 34329 | Snake:4  | HP: 51/186 [poisoned by a naga (splash of poison)]
 34336 | Snake:4  | HP: 62/186 [poisoned by a naga (splash of poison)]
 34341 | Snake:4  | HP: 52/186 [poisoned by a naga (splash of poison)]
 34536 | Snake:3  | HP: 90/186 [naga sharpshooter/arrow (13)]
 34541 | Snake:3  | HP: 93/279 [poisoned by a black mamba]
 34546 | Snake:3  | HP: 80/279 [poisoned by a naga ritualist (toxic radiance)]
 34548 | Snake:3  | HP: 36/186 [poisoned by a naga ritualist (splash of poison)]
 34555 | Snake:3  | HP: 42/187 [poisoned by a naga ritualist (splash of poison)]
 34560 | Snake:3  | HP: 43/187 [poisoned by a naga ritualist (splash of poison)]
 35006 | Snake:4  | Received a gift from Trog
 35187 | Snake:4  | HP: 92/187 [poisoned by a sea snake]
 35192 | Snake:4  | HP: 75/187 [poisoned by a sea snake]
 35197 | Snake:4  | HP: 72/187 [poisoned by a sea snake]
 35202 | Snake:4  | HP: 70/187 [poisoned by a sea snake]
 35208 | Snake:4  | HP: 70/187 [poisoned by a sea snake]
 35214 | Snake:4  | HP: 70/187 [poisoned by a sea snake]
 35220 | Snake:4  | HP: 66/187 [naga/glaive (3)]
 35226 | Snake:4  | HP: 62/187 [poisoned by a sea snake]
 35259 | Snake:4  | HP: 60/187 [sea snake (15)]
 35260 | Snake:4  | Reached skill level 23 in Fighting
 35266 | Snake:4  | HP: 51/188 [nagaraja/whip (6)]
 35321 | Snake:4  | HP: 69/188 [naga warrior/battleaxe (3)]
 35960 | Snake:4  | Got a serpentine rune of Zot
 36618 | D:13     | Received a gift from Trog
 36939 | D:13     | Found a gate to the Vaults.
 37209 | D:14     | Found a frozen archway.
 37238 | IceCv    | Entered an ice cave
 37273 | IceCv    | Identified a scroll of acquirement
 37386 | IceCv    | Received a gift from Trog
 37499 | D:14     | Found a flickering gateway to a bazaar.
 37514 | Bazaar   | Entered a bazaar
 37531 | Bazaar   | Found Peprish's Assorted Antiques.
 37535 | Bazaar   | Bought a scroll labeled XUG BEASTRASUL for 25 gold pieces
 37535 | Bazaar   | Bought a scroll of teleportation for 75 gold pieces
 37535 | Bazaar   | Bought 2 scrolls of identify for 100 gold pieces
 37538 | Bazaar   | Bought a ring of slaying for 50 gold pieces
 37557 | Bazaar   | Found Daosadwonel's Gadget Emporium.
 37557 | Bazaar   | Found Kohack's Magic Scroll Shoppe.
 37567 | Bazaar   | Bought a scroll of fog for 30 gold pieces
 37567 | Bazaar   | Bought a scroll of teleportation for 45 gold pieces
 37567 | Bazaar   | Bought a scroll of blinking for 112 gold pieces
 37578 | Bazaar   | Found Docvaj's Jewellery Emporium.
 37578 | Bazaar   | Found Quwaf's Armour Shoppe.
 37582 | Bazaar   | Bought an uncursed ring of protection from fire for 450 gold pieces
 37599 | Bazaar   | Found Ughuawyw's Food Shoppe.
 38459 | D:15     | Entered Level 15 of the Dungeon
 38636 | D:15     | Reached XP level 19. HP: 158/195 MP: 6/18
 38874 | D:15     | Received a gift from Trog
 38933 | D:15     | Found a staircase to the Depths.
 38974 | D:15     | Noticed Agnes
 38981 | D:15     | Killed Agnes
 39567 | Vaults:1 | Entered Level 1 of the Vaults
 40250 | Vaults:1 | Received a gift from Trog
 40270 | Vaults:1 | HP: 143/297 [yaktaur (7)]
 40277 | Vaults:1 | HP: 131/297 [yaktaur/bolt (7)]
 40352 | Vaults:1 | HP: 95/198 [wolf spider (8)]
 40357 | Vaults:1 | HP: 86/198 [poisoned by a wolf spider]
 40362 | Vaults:1 | HP: 80/198 [poisoned by a wolf spider]
 40367 | Vaults:1 | HP: 77/198 [poisoned by a wolf spider]
 40372 | Vaults:1 | HP: 75/198 [poisoned by a wolf spider]
 40377 | Vaults:1 | HP: 74/198 [poisoned by a wolf spider]
 40382 | Vaults:1 | HP: 74/198 [poisoned by a wolf spider]
 40389 | Vaults:1 | HP: 75/198 [poisoned by a wolf spider]
 40397 | Vaults:1 | HP: 77/198 [poisoned by a wolf spider]
 40630 | Vaults:1 | Reached skill level 24 in Fighting
 40691 | Vaults:1 | HP: 97/198 [two-headed ogre/giant club (16)]
 40909 | Vaults:1 | HP: 50/198 [enormous slime creature[a boggart] (67)]
 40914 | Vaults:1 | HP: 40/198 [deep troll[an ironheart preserver] (12)]
 41529 | Vaults:1 | Received a gift from Trog
 42049 | Vaults:2 | Received a gift from Trog
 42295 | Vaults:2 | Reached XP level 20. HP: 170/207 MP: 6/19
 42316 | Vaults:2 | HP: 102/207 [poisoned by a vault warden]
 42321 | Vaults:2 | HP: 96/207 [poisoned by a vault warden]
 42326 | Vaults:2 | HP: 91/207 [poisoned by a vault warden]
 42331 | Vaults:2 | HP: 88/207 [ironbrand convoker/morningstar (1)]
 42336 | Vaults:2 | HP: 129/310 [poisoned by a vault warden]
 42342 | Vaults:2 | HP: 106/310 [poisoned by a vault warden]
 42348 | Vaults:2 | HP: 106/310 [poisoned by a vault warden]
 42353 | Vaults:2 | HP: 72/207 [poisoned by a vault warden]
 42358 | Vaults:2 | HP: 73/207 [poisoned by a vault warden]
 42363 | Vaults:2 | HP: 74/207 [poisoned by a vault warden]
 42805 | Vaults:2 | Reached skill level 10 in Dodging
 42953 | Vaults:2 | Received a gift from Trog
 42970 | Vaults:2 | Got a clouded turquoise ring
 42971 | Vaults:2 | Identified the ring "Jasyig" {*Tele rPois rN+ Int+4} (You found it on level 2 of the Vaults)
 42980 | Vaults:2 | Identified the +9 war axe of the Secret Spirits {holy, *Rage rF+ rC+ Int+3} (Trog gifted it to you on level 2 of the Vaults)
 43242 | Vaults:2 | Found a staircase to the Crypt.
 43607 | Vaults:3 | Received a gift from Trog
 43698 | Vaults:3 | Reached skill level 25 in Fighting
 43767 | Vaults:3 | HP: 102/210 [/a scroll of torment (100)]
 43790 | Vaults:3 | Found Siduong's Armour Shoppe.
 43881 | Vaults:3 | Identified Yntargh's Almanac of Beguiling
 43934 | Vaults:3 | Received a gift from Trog
 44040 | Vaults:3 | Noticed Xtahua
 44046 | Vaults:3 | HP: 85/211 [stone giant (42)]
 44051 | Vaults:3 | Killed Xtahua
 44051 | Vaults:3 | Reached XP level 21. HP: 121/218 MP: 17/20
 44051 | Vaults:3 | HP: 114/327 [something (7)]
 44067 | Vaults:3 | HP: 73/218 [frost giant/battleaxe of freezing (11)]
 44640 | Vaults:3 | Received a gift from Trog
 45281 | Vaults:4 | Cast into level 3 of the Abyss (a deep elf sorcerer)
 45354 | Abyss:3  | Received a gift from Trog
 45534 | Abyss:3  | Paralysed by accursed screaming for 1 turns
 45537 | Vaults:4 | Escaped the Abyss
 45611 | Vaults:4 | Reached skill level 26 in Fighting
 45612 | Vaults:4 | Received a gift from Trog
 45798 | Vaults:4 | Paralysed by a sphinx for 5 turns
 45839 | Vaults:4 | Found Biabagap's Gadget Shop.
 46643 | Vaults:5 | Entered Level 5 of the Vaults
 46659 | Vaults:5 | Received a gift from Trog
 46667 | Vaults:5 | Reached XP level 22. HP: 212/231 MP: 21/21
 46723 | Vaults:5 | Noticed a golden dragon
 46732 | Vaults:5 | Killed a golden dragon
 46810 | Vaults:5 | Received a gift from Trog
 46818 | Vaults:5 | Reached skill level 27 in Fighting
 47153 | Vaults:5 | Received a gift from Trog
 47343 | Vaults:5 | Noticed a golden dragon
 47348 | Vaults:5 | Killed a golden dragon
 47395 | Vaults:5 | HP: 115/233 [vault warden/uncursed vampiric battleaxe (17)]
 47400 | Vaults:5 | HP: 57/233 [shadow dragon (8)]
 47400 | Vaults:5 | HP: 28/233 [stone giant (29)]
 47400 | Vaults:5 | Mangled by a vault warden

Skill      XL: |  1  2  3  4  5  6  7  8  9 10 11 12 13 14 15 16 17 18 19 20 21 22 |
---------------+-------------------------------------------------------------------+-----
Fighting       | 4 5 6 7 8 10 12 13 15 17 18 20 21 22 23 24 25 26 27 | 27.0
Axes           | 4 5 6 7 9 10 12 13 15 17 18 20 21 22 23 24 25 26 | 26.0
Armour         | 3 4 5 6 7 9 10 11 12 13 14 15 16 17 18 19 21 | 21.1
Dodging        | 3 4 5 6 7 8 9 11 12 14 | 14.9

Action                   |  1- 3 |  4- 6 |  7- 9 | 10-12 | 13-15 | 16-18 | 19-21 | 22-24 || total
-------------------------+-------+-------+-------+-------+-------+-------+-------+-------++-------
Melee: Hand axe          |    87 |   115 |    28 |       |       |       |       |       ||   230
       Headbutt          |    15 |    20 |    40 |    83 |   219 |   241 |   292 |    86 ||   996
       War axe           |       |       |   152 |    32 |       |       |       |       ||   184
       Kick              |       |       |    38 |    86 |       |       |       |       ||   124
       Battleaxe         |       |       |       |   407 |   404 |     4 |       |       ||   815
       Trident           |       |       |       |    22 |    10 |       |       |       ||    32
       Executioner's axe |       |       |       |       |   491 |  1008 |  1080 |   256 ||  2835
Invok: Berserk           |     1 |     4 |     8 |     8 |    31 |    12 |     3 |     1 ||    68
       Burn Spellbooks   |       |       |     2 |     1 |     6 |     3 |     2 |       ||    14
       Brothers in Arms  |       |       |     1 |     1 |     5 |     6 |       |       ||    13
       Trog's Hand       |       |       |       |       |     8 |     4 |     1 |       ||    13
 Abil: Blink             |       |       |       |       |     1 |       |       |       ||     1
  Use: Scroll            |     3 |     5 |     7 |    12 |     6 |    14 |    14 |     2 ||    63
       Potion            |       |       |     3 |       |     4 |     2 |     2 |       ||    11
 Stab: Distracted        |       |       |       |       |     1 |     2 |       |       ||     3
  Eat: Chunk             |     2 |    10 |    23 |    25 |    43 |    25 |    28 |     5 ||   161
       Royal jelly       |       |       |       |     2 |     7 |       |     1 |       ||    10
       Fruit             |       |       |       |       |     6 |    16 |       |       ||    22
       Meat ration       |       |       |       |       |     2 |     4 |       |       ||     6
Armor: Animal skin       |    10 |       |       |       |       |       |       |       ||    10
       Ring mail         |    34 |    14 |       |       |       |       |       |       ||    48
       Chain mail        |       |    29 |   126 |   105 |       |       |       |       ||   260
       Plate armour      |       |       |       |   149 |   537 |   724 |   629 |   195 ||  2234
Dodge: Dodged            |    67 |    71 |   135 |   257 |   524 |   605 |   538 |   177 ||  2374
